Map: Shrines of Lizul

Players

Stepo - Winner!

  • Race: Protoss Protoss
  • League: Platinum
  • Spawn Location: 9:00

PureLegacy - Winner!

  • Race: Terran Terran
  • Spawn Location: 6:00

Brainiac

  • Race: Zerg Zerg
  • Spawn Location: 12:00

Максимус

  • Race: Terran Terran
  • Spawn Location: 3:00

VOD

Have the link to the VOD?

Description

Time

  • Played on: Nov. 26, 2018, 9:46 p.m.
  • Length: 5:15
Show
View Real Time Build Order
Export as new Build Order

Stepo Protoss - Winner!

Build Orders:  

Get SALT Encoding   

  12  0:03  Probe  
  13  0:15  Probe  
  14  0:27  Probe  
  15  0:37  Pylon  
  15  0:45  Pylon  
  15  0:55  Probe  
  16  1:04  Forge  
  16  1:14  Gateway  
  16  1:18  Gateway  
  16  1:35  Pylon  
  16  1:44  Pylon  
  16  1:49  Pylon  
  16  2:04  Photon Cannon  
  16  2:07  Photon Cannon  
  16  2:08  Pylon  
  16  2:12  Zealot x2  
  19  2:27  Photon Cannon  
  19  2:37  Zealot  
  19  2:45  Zealot  
  19  2:48  Probe  
  19  2:51  Assimilator  
  23  3:00  Probe  
  23  3:03  Zealot  
  26  3:12  Zealot  
  28  3:37  Cybernetics Core  
  30  3:46  Pylon  
  30  3:50  Assimilator  
  30  3:58  Pylon  
  20  4:39  Zealot  
  20  4:41  Probe  
  20  4:43  Pylon  
  21  4:46  Zealot  
  21  4:48  Gateway x2  
  21  4:49  Probe  
  21  4:59  Probe  
  23  5:11  Twilight Council  
Show
View Real Time Build Order
Export as new Build Order

PureLegacy Terran - Winner!

Build Orders:  

Get SALT Encoding   

  12  0:01  SCV  
  13  0:13  SCV  
  14  0:19  Supply Depot  
  14  0:27  SCV  
  15  0:31  Refinery  
  15  0:41  SCV  
  16  0:46  Barracks  
  16  0:53  SCV  
  17  1:03  Barracks  
  17  1:16  Barracks  
  17  1:21  SCV  
  18  1:36  Reaper  
  18  1:39  Orbital Command  
  19  1:46  Refinery  
  19  1:51  Reaper  
  20  2:01  Supply Depot  
  20  2:06  Reaper  
  21  2:10  Reaper  
  22  2:20  Barracks  
  22  2:24  Reaper  
  23  2:42  Reaper  
  24  2:47  Barracks  
  24  2:56  Reaper  
  25  2:58  Supply Depot  
  25  3:13  Supply Depot  
  25  3:20  Reaper x3, SCV  
  28  3:34  SCV  
  28  3:35  Reaper  
  30  3:48  Reaper  
  31  3:54  Supply Depot  
  31  4:08  Reaper  
  31  4:15  Reaper x3  
  34  4:20  Reaper  
  32  4:35  Command Center  
  31  4:40  Reaper, SCV  
  33  4:48  Supply Depot  
Show
View Real Time Build Order
Export as new Build Order

Brainiac Zerg 

Build Orders: Pool Only, Ravager All-In 

Get SALT Encoding   

  12  0:01  Drone  
  13  0:08  Drone  
  14  0:26  Spawning Pool  
  13  0:29  Drone  
  13  0:34  Extractor  
  13  0:36  Drone  
  14  0:45  Overlord  
  14  0:48  Extractor  
  13  0:55  Drone  
  14  1:03  Drone x2  
  16  1:16  Roach Warren  
  15  1:21  Zergling x2  
  16  1:44  Overlord  
  16  1:56  Roach x3  
  22  2:09  Overlord  
  22  2:17  Ravager  
  22  2:18  Ravager x2  
  25  2:30  Roach x2  
  28  2:50  Spine Crawler  
  27  3:10  Ravager x2  
  29  4:03  Overlord x2  
  17  4:39  Roach x3  
  21  5:00  Ravager x3  
  25  5:10  Spine Crawler  
Show
View Real Time Build Order
Export as new Build Order

Максимус Terran 

Build Orders:  

Get SALT Encoding   

  12  0:01  SCV  
  13  0:13  SCV  
  14  0:18  Supply Depot  
  14  0:36  SCV  
  15  0:43  Barracks  
  15  0:48  SCV  
  16  1:00  SCV  
  17  1:13  SCV  
  18  1:30  Command Center  
  18  1:41  Marine  
  18  1:47  Orbital Command  
  19  2:03  Supply Depot  
  19  2:20  Marine  
  19  2:37  Barracks  
  19  2:38  Marine  
  17  2:56  Marine  
  15  3:14  Marine  
  16  3:29  Barracks  
  16  3:32  Marine  
  16  3:34  SCV  
  18  3:46  Marine  
  19  3:50  Marine  
  20  3:58  Orbital Command  
  20  3:59  SCV  
  21  4:08  Marine  
  22  4:12  Refinery x2, SCV  
  23  4:19  Marine x2  
  25  4:26  Marine  
  26  4:37  Marine x2  
  27  4:44  Marine  
  28  4:54  Marine  
  28  4:55  Marine  
Tags
 
Add a new tag
Caveats
  • Supply blocks, unpowered buildings, or Contaminate may cause inaccurate times.
  • Supply counts are checked every 10 seconds.